 Seeded DCSS version 0.29-a0-643-ga013cefcf8 (webtiles) character file.

Game seed: 10802498693541890562 (custom seed)

65 wilfster70 the Insei (level 4, -2/29 HPs)
             Began as an Octopode Transmuter on June 19, 2022.
             Slain by a goblin
             ... wielding a +0 club
             ... led by Robin
              (3 damage)
             ... on level 2 of the Dungeon.
             The game lasted 00:04:14 (1994 turns).

wilfster70 the Insei (Octopode Transmuter)          Turns: 1994, Time: 00:04:15

Health: -2/29      AC:  1    Str:  9    XL:     4   Next: 14%
Magic:  7/7        EV: 13    Int: 17    God:
Gold:   103        SH:  0    Dex: 12    Spells: 6/7 levels left

rFire   . . .      SeeInvis .     - Unarmed
rCold   + . .      Faith    .   (no shield)
rNeg    . . .      Spirit   .   (helmet restricted)
rPois   +          Reflect  .   (no amulet)
rElec   +          Harm     .   c - ring "Yvaul" {rElec rPois rC+}
rCorr   .          Rampage  .   (no ring)
Will    .....                   (no ring)
Stlth   ++........              (no ring)
HPRegen 0.09/turn               (no ring)
MPRegen 0.10/turn               (no ring)
                                (no ring)
                                (no ring)

@: no status effects
A: almost no armour, amphibious, 8 rings, camouflage 1, gelatinous body 1,
(nimble swimmer 1), tentacles
a: no special abilities


You were on level 2 of the Dungeon.
You visited 1 branch of the dungeon, and saw 2 of its levels.

You collected 103 gold pieces.

Inventory:

Jewellery
 c - the ring "Yvaul" (left tentacle) {rElec rPois rC+}
   (You acquired it on level 1 of the Dungeon)

   [ring of poison resistance]

   rC:        It protects you from cold.
   rElec:     It insulates you from electricity.
   rPois:     It protects you from poison.
Scrolls
 d - a scroll of fog {unknown}
 e - 2 scrolls of teleportation {unknown}
 g - a scroll of brand weapon {unknown}
 i - a scroll of identify {unknown}
 j - a scroll of enchant armour {unknown}
 k - a scroll of noise {unknown}
 l - a scroll of poison {unknown}
Potions
 a - a potion of lignification
 b - a potion of degeneration {unknown}
 f - a potion of haste {unknown}
 h - a potion of berserk rage {unknown}
 m - a potion of magic {unknown}


   Skills:
 + Level 2.2 Fighting
 + Level 2.9 Dodging
 + Level 3.7 Unarmed Combat
 - Level 2.0 Spellcasting
 - Level 2.0 Transmutations


You had 6 spell levels left.
You knew the following spells:

 Your Spells              Type           Power      Damage    Failure   Level
a - Beastly Appendage     Tmut           16%        N/A       9%          1

Your spell library contained the following spells:

 Spells                   Type           Power      Damage    Failure   Level
 Wereblood                Tmut           8%         N/A       13%         2
 Spider Form              Tmut/Pois      5%         N/A       36%         3
 Ice Form                 Ice/Tmut       5%         N/A       77%         4
 Freezing Cloud           Conj/Ice/Air   0%         6-21      99%         5
 Simulacrum               Ice/Necr       0%         N/A       100%        6
 Polar Vortex             Ice            0%         N/A       100%        9


Dungeon Overview and Level Annotations

Branches:
Dungeon (2/15)

Altars:

Annotations:
D:2 Robin


Innate Abilities, Weirdness & Mutations

You cannot wear most types of armour.
You are amphibious.
You can wear up to eight rings at the same time.
Your skin changes colour to match your surroundings (Stealth+).
Your rubbery body absorbs attacks. (AC +1, EV +1)
((You are camouflaged when in or above water. (Stealth+)))
You have tentacles for arms and can constrict up to eight enemies at once.


Message History

Robin and 3 goblins come into view.
Found a stone staircase leading up.
The goblin shouts!
Robin shouts!
Robin roars a battlecry!
The goblins go into a battle-frenzy!
You hear a shout! x2
The goblin no longer looks unusually strong. x2
The kobold barely misses you.
A bat comes into view.
Robin throws the goblin at you! The kobold barely misses you.
The goblin hits you with a +0 club. The kobold barely misses you.
The goblin misses you.
The kobold hits you with a +0 short sword.
The goblin attacks as you move away! The goblin closely misses you.
The goblin no longer looks unusually strong.
The kobold hits you with a +0 short sword.
The kobold attacks as you move away!
The kobold hits you with a +0 short sword.
Robin says, "Bow before me, strongest of all the hobgoblins!"
Robin roars a battlecry!
The goblins go into a battle-frenzy!
The goblin closely misses you.
You hear a shout!
The bat hits you. Robin throws the goblin at you! The goblin barely misses you.
The kobold attacks as you move away!
The kobold hits you with a +0 short sword.
The goblin attacks as you move away!
The goblin hits you with a +1 dagger of speed.
The bat barely misses you. The bat hits you but does no damage.
The bat hits you but does no damage. The goblin hits you with a +0 club.
* * * LOW HITPOINT WARNING * * *
The goblin attacks as you move away! The goblin hits you with a +0 club.
* * * LOW HITPOINT WARNING * * *
The bat closely misses you.
Okay, then.
The bat closely misses you. The bat attacks as you move away!
The bat closely misses you. The goblin attacks as you move away!
The goblin hits you with a +0 club.
You die...

...##.# ..# # #..##.# #..# l# ##
#..##.######..##.# ..
#..##>............ ##
#..##............. .. .. #..##.#
#.(...##.#..##..###
#####..##.###.....##.#..##..##
#.....<........gK.##.#..##...##
#.###..##.##..@g.gg.)#.........
.##.###..##.##...b.g..g...##.#.##
............##............##.#..#
###......##.##.....###.g.........
.........##.##.##### #.#......g..
#####....##.##.# #...........
#.............. +.#.######..
######..##.##.# #.### ##.
#..##.##.### #.# #.


You could see Robin, 6 goblins, a bat, a kobold and a frilled lizard (asleep).

Vanquished Creatures
  An adder (D:2)
  3 worms (D:2)
  5 ball pythons
  A bat (D:1)
  7 endoplasms
  4 giant cockroaches (D:1)
  3 hobgoblins (D:1)
  3 jackals (D:1)
  4 kobolds (D:1)
  2 quokkas (D:1)
  5 frilled lizards (D:1)
  3 goblins (D:1)
  3 rats
44 creatures vanquished.

Notes
Turn   | Place    | Note
-------+----------+-------------------------------------------
     0 | D:1      | wilfster70 the Octopode Transmuter began the quest for the
                  | Orb.
     0 | D:1      | Reached XP level 1. HP: 13/13 MP: 3/3
     7 | D:1      | Identified a scroll of acquirement
     7 | D:1      | Acquired the ring "Yvaul" {rElec rPois rC+}
   146 | D:1      | Reached XP level 2. HP: 16/18 MP: 5/5
   494 | D:1      | Reached XP level 3. HP: 22/24 MP: 6/6
   841 | D:1      | Found Resops's Armour Shop.
  1747 | D:2      | Reached XP level 4. HP: 29/29 MP: 7/7
  1962 | D:2      | Noticed Robin
  1990 | D:2      | HP: 1/29 [goblin/+0 club[Robin] (6)]
  1994 | D:2      | Slain by a goblin

Illustrated notes

Levels and vault maps discovered:
D:1:      kilobyte_arrival_exit_the_forest, layout_loops_ring, serial_shops,
          shop
D:2:      layout_basic, uniq_robin

Skill      XL: |  1  2  3 |
---------------+----------+-----
Fighting       | 2 |  2.2
Dodging        | |  2.9
Unarmed Combat | |  3.7
Spellcasting   | |  2.0
Transmutations | |  2.0

Action                   |  1- 3 |  4- 6 || total
-------------------------+-------+-------++-------
Melee: Unarmed           |    96 |    10 ||   106
       Constrict         |    23 |     3 ||    26
       Tentacles         |    14 |     4 ||    18
       Kick              |     3 |     4 ||     7
 Cast: Beastly Appendage |     2 |     2 ||     4
  Use: Scroll            |     1 |       ||     1
 Stab: Sleeping          |     3 |     1 ||     4
Armor: Skin              |     5 |     4 ||     9
Dodge: Dodged            |    73 |    16 ||    89

Table legend: (Time is in decaauts)
 A = Elapsed time spent in this place.
 B = Non-inter-level travel time spent in this place.
 C = Inter-level travel time spent in this place.
 D = Time resting spent in this place.
 E = Time spent auto-exploring this place.
 F = Levels seen in this place.
 G = Mean time per level.
                   A        B        C        D        E       F      G
               +--------+--------+--------+--------+--------+-----+--------+
         Total |   1987 |   1970 |     17 |    833 |    687 |   2 |  993.5 |
       Dungeon |   1987 |   1970 |     17 |    833 |    687 |   2 |  993.5 |
               +--------+--------+--------+--------+--------+-----+--------+

Top non-repeatable levels by time:
     D:1: 1459 daAuts
     D:2: 528 daAuts
